 Dungeon Crawl Stone Soup version 0.25-a0-24-g72dcfe0359 (webtiles) character file.

Game seed: 17420988094730530835, levelgen mode: deterministic

4283 Gynju the Thaumaturge (level 10, -2/48 (50) HPs)
             Began as a Deep Elf Fire Elementalist on Oct 17, 2019.
             Was a Priest of Vehumet.
             Slain by a soldier ant (10 damage)
             ... on level 7 of the Dungeon.
             The game lasted 00:14:29 (10415 turns).

Gynju the Thaumaturge (Deep Elf Fire Elementalist) Turns: 10415, Time: 00:14:30

HP:   -2/48 (50)    AC:  4    Str:  5    XL:     10   Next: 10%
MP:   17/25         EV: 17    Int: 26    God:    Vehumet [***...]
Gold: 189           SH:  5    Dex: 13    Spells: 18/27 levels left

rFire    + . .     SeeInvis +   q - +1 spear "Zafy" {pierce, -Tele rElec Int+2}
rCold    . . .     Gourm    .   h - +0 buckler
rNeg     + . .     Faith    +   a - +0 robe
rPois    .         Spirit   .   f - +0 helmet
rElec    +         Reflect  .   (no cloak)
rCorr    .         Harm     .   (no gloves)
MR       +....     NoTele   +   o - +0 pair of boots
Stlth    ++........             m - amulet of faith
HPRegen  0.16/turn              i - ring of protection from fire
MPRegen  0.19/turn              w - ring of the Slug {+Inv rN+ Dex-2 SInv}

@: lethally poisoned (-2 -> -7)
A: no striking features
a: Renounce Religion, Evoke Invisibility


You were on level 7 of the Dungeon.
You worshipped Vehumet.
Vehumet was most pleased with you.
You were not hungry.

You visited 2 branches of the dungeon, and saw 8 of its levels.

You collected 189 gold pieces.

Inventory:

Hand Weapons
 g - a +0 morningstar
 q - the +1 spear "Zafy" (weapon) {pierce, -Tele rElec Int+2}
   (You found it on level 7 of the Dungeon)

   It inflicts extra damage upon your enemies.
   It affects your intelligence (+2).
   It insulates you from electricity.
   It prevents most forms of teleportation.
Armour
 a - a +0 robe (worn)
 f - a +0 helmet (worn)
 h - a +0 buckler (worn)
 o - a +0 pair of boots (worn)
Jewellery
 i - a ring of protection from fire (left hand)
 m - an amulet of faith (around neck)
 w - the ring of the Slug (right hand) {+Inv rN+ Dex-2 SInv}
   (You found it on level 5 of the Dungeon)

   [ring of see invisible]

   It affects your dexterity (-2).
   It protects you from negative energy.
   It lets you see invisible.
   It lets you turn invisible.
 y - a +3 ring of slaying
 C - a +3 ring of strength {unknown}
Wands
 t - a wand of polymorph (1)
 x - a wand of paralysis (6)
 z - a wand of scattershot (5)
 B - a wand of disintegration (14)
Scrolls
 d - 2 scrolls of identify {@r1}
 k - 2 scrolls of remove curse {@r2}
 n - a scroll of teleportation {unknown}
 r - 2 scrolls of amnesia {unknown}
 u - a scroll of blinking {unknown}
Potions
 b - a potion of lignification
 e - 2 potions of brilliance
 j - 2 potions of magic
 l - 2 potions of flight
 p - 2 potions of agility
 s - 2 potions of curing {@q1}
 v - 2 potions of berserk rage
Miscellaneous
 D - a fan of gales
Comestibles
 c - 16 rations
 A - a chunk of flesh


   Skills:
 + Level 8.5 Dodging
 - Level 2.4 Stealth
 + Level 3.8 Shields
 + Level 9.4 Spellcasting
 + Level 7.5 Conjurations
 + Level 8.2 Fire Magic
 + Level 2.3 Earth Magic


You had 18 spell levels left.
You knew the following spells:

 Your Spells              Type           Power        Failure   Level  Hunger
a - Flame Tongue          Conj/Fire      #####        1%          1    None
b - Throw Flame           Conj/Fire      ######       1%          2    None
c - Conjure Flame         Conj/Fire      ######..     1%          3    None
d - Stone Arrow           Conj/Erth      #####.       1%          3    None

Your spell library contained the following spells:

 Spells                   Type           Power        Failure   Level  Hunger
 Searing Ray              Conj           ######       1%          2    None
 Sandblast                Erth           ###...       1%          1    None
 Inner Flame              Hex/Fire       ####....     1%          3    None
 Sticky Flame             Conj/Fire      ######..     1%          4    #......
 Fireball                 Conj/Fire      ######....   1%          5    ####...
 Animate Skeleton         Necr           N/A          4%          1    None
 Apportation              Tloc           ##....       4%          1    None
 Confusing Touch          Hex            ##....       4%          1    None
 Summon Small Mammal      Summ           ##..         4%          1    None
 Passwall                 Tmut/Erth      ###.....     4%          2    None
 Lee's Rapid Deconstruct  Erth           ###.......   14%         5    ####...
 Petrify                  Tmut/Erth      ###.....     30%         4    #......


Dungeon Overview and Level Annotations

Branches:
Dungeon (7/15)             Temple (1/1) D:5

Altars:
Ashenzari
Cheibriados
Dithmenos
Elyvilon
Fedhas
Gozag
Hepliaklqana
Kikubaaqudgha
Makhleb
Nemelex Xobeh
Okawaru
Ru
Sif Muna
Trog
Uskayaw
Vehumet
Wu Jian
Xom
Yredelemnul
Zin
The Shining One

Shops:
D:5 ?

Annotations:
D:3 exclusion: orc wizard, Grinder


Message History

The soldier ant is heavily wounded.
You feel sick. The soldier ant barely misses you.
Casting: Flame Tongue (safe; 1% risk of failure)
Confirm with . or Enter, or press ? or * to list all spells.
Aiming: Flame Tongue (safe; 1% risk of failure)
Press: ? - help, Shift-Dir - straight line, f/p - soldier ant
Aim: a soldier ant (heavily wounded)
The flame tongue hits the soldier ant!
The soldier ant is almost dead.
You feel sick. The soldier ant stings you.
* * * LOW HITPOINT WARNING * * *
Casting: Flame Tongue (safe; 1% risk of failure)
Confirm with . or Enter, or press ? or * to list all spells.
Aiming: Flame Tongue (safe; 1% risk of failure)
Press: ? - help, Shift-Dir - straight line, f/p - soldier ant
Aim: a soldier ant (almost dead)
The flame tongue hits the soldier ant but does no damage.
The soldier ant is almost dead.
The soldier ant stings you!
You die...

#.# #.#...#(#.#. #.#
#.##..##.##. ..##
###.##...###.. .. ...
..###....... ### #.#
### ###.#### |.##.##
##...## O#...#
##.....## #
##a.#..####...#...#
#.##.@# #..##...###(..
#....## ##.....## ##..
#..##..###..##...###...
#. ###..#.)####...#...#
#..#...#..###.....##
#).##.##.[# ##...##
#####.##### ###.####
... ........ #####
#......


You could see a soldier ant and an ogre.

Vanquished Creatures
  Pikel (D:5)
  Prince Ribbit (D:7)
  A hippogriff (D:7)
  Sigmund (D:3)
  Eustachio (D:6)
  Menkaure (D:5)
  3 sky beasts
  A phantom (D:7)
  An eye of draining (D:7)
  A necrophage (D:4)
  3 centaurs (D:5)
  4 ogres
  2 bullfrogs
  A wyvern skeleton (D:7)
  3 scorpions
  A water moccasin skeleton (D:5)
  A howler monkey (D:6)
  A centaur zombie (D:5)
  A centaur skeleton (D:5)
  4 hounds
  A jelly (D:7)
  A bullfrog zombie (D:5)
  A bullfrog skeleton (D:7)
  A gnoll shaman (D:3)
  2 orc priests
  2 iguanas (D:7)
  Ijyb (D:5)
  Natasha (thrice) (D:3)
  6 orc wizards
  7 worker ants
  2 hound zombies (D:6)
  A hound skeleton (D:6)
  42 gnolls
  11 adders
  3 shadow imps
  A worm (D:4)
  4 dart slugs
  7 leopard geckos
  13 orcs
  A ball python (D:2)
  2 bats (D:2)
  2 bat skeletons (D:6)
  4 bat zombies (D:6)
  11 giant cockroaches
  3 goblins
  6 hobgoblins
  14 jackals (D:3)
  2 quokkas
  3 frilled lizards
  2 jackal zombies
  5 kobolds
  A leopard gecko skeleton (D:4)
  6 rats
204 creatures vanquished.

Notes
Turn   | Place    | Note
-------+----------+-------------------------------------------
     0 | D:1      | Gynju the Deep Elf Fire Elementalist began the quest for
                  | the Orb.
     0 | D:1      | Reached XP level 1. HP: 10/10 MP: 6/6
   366 | D:1      | Reached XP level 2. HP: 15/15 MP: 5/8
  1183 | D:2      | Reached XP level 3. HP: 19/19 MP: 7/10
  1188 | D:2      | Learned a level 2 spell: Throw Flame
  1192 | D:2      | Learned a level 3 spell: Conjure Flame
  1755 | D:3      | Noticed Natasha
  1764 | D:3      | Killed Natasha
  1764 | D:3      | Reached skill level 4 in Spellcasting
  1764 | D:3      | Reached XP level 4. HP: 5/24 MP: 2/12
  1781 | D:3      | Noticed Natasha
  2008 | D:3      | Killed Natasha
  2065 | D:3      | Noticed Sigmund
  2094 | D:3      | Noticed a bullfrog
  2180 | D:3      | Noticed Grinder
  2573 | D:3      | Killed Sigmund
  2573 | D:3      | Reached XP level 5. HP: 23/28 MP: 7/14
  2643 | D:3      | Reached XP level 6. HP: 32/32 MP: 13/15
  2781 | D:3      | Reached skill level 5 in Spellcasting
  3397 | D:3      | Reached skill level 5 in Fire Magic
  3630 | D:3      | Reached XP level 7. HP: 35/36 MP: 14/17
  3667 | D:3      | Reached skill level 5 in Dodging
  3906 | D:3      | Reached skill level 6 in Spellcasting
  4115 | D:3      | Noticed Natasha
  4120 | D:3      | Killed Natasha
  4621 | D:4      | Reached skill level 5 in Conjurations
  4621 | D:4      | Reached XP level 8. HP: 25/39 MP: 8/20
  4822 | D:4      | Found a shimmering altar of Xom.
  5207 | D:4      | Reached skill level 7 in Spellcasting
  5297 | D:5      | Entered Level 5 of the Dungeon
  5428 | D:5      | Reached skill level 1 in Shields
  5614 | D:5      | Found a staircase to the Ecumenical Temple.
  5623 | Temple   | Entered the Ecumenical Temple
  5753 | Temple   | Became a worshipper of Vehumet
  6023 | D:5      | Noticed Ijyb
  6187 | D:5      | Noticed Menkaure
  6208 | D:5      | Killed Menkaure
  6355 | D:5      | Found Duag's Magic Scroll Emporium.
  6463 | D:5      | Got a scintillating iron ring
  6658 | D:5      | Reached skill level 8 in Spellcasting
  6781 | D:5      | Reached XP level 9. HP: 24/43 MP: 17/23
  7075 | D:5      | Noticed Pikel
  7096 | D:5      | Killed Pikel
  7341 | D:5      | Killed Ijyb
  7573 | D:6      | Found a shattered altar of Ashenzari.
  7575 | D:6      | Reached * piety under Vehumet
  7575 | D:6      | Offered knowledge of Shock by Vehumet.
  7729 | D:6      | Found an opulent altar of Gozag.
  7853 | D:6      | Noticed Eustachio
  7880 | D:6      | Found an ancient bone altar of Kikubaaqudgha.
  8191 | D:6      | Identified the ring of the Slug {+Inv rN+ Dex-2 SInv} (You
                  | found it on level 5 of the Dungeon)
  8601 | D:6      | Offered knowledge of Sting by Vehumet.
  8634 | D:6      | Reached ** piety under Vehumet
  8692 | D:6      | Found a bloodstained altar of Trog.
  8985 | D:6      | Learned a level 3 spell: Stone Arrow
  9013 | D:6      | Killed Eustachio
  9013 | D:6      | Reached skill level 9 in Spellcasting
  9306 | D:7      | Found an iron altar of Okawaru.
  9310 | D:7      | Got a steaming spear
  9311 | D:7      | Identified the cursed +1 spear "Zafy" {pierce, -Tele rElec
                  | Int+2} (You found it on level 7 of the Dungeon)
  9443 | D:7      | Reached skill level 1 in Earth Magic
  9646 | D:7      | Offered knowledge of Searing Ray by Vehumet.
  9853 | D:7      | Noticed Prince Ribbit
  9865 | D:7      | Killed Prince Ribbit
  9865 | D:7      | Reached XP level 10. HP: 25/48 MP: 18/25
 10289 | D:7      | Reached *** piety under Vehumet
 10415 | D:7      | Slain by a soldier ant

Levels and vault maps discovered:
D:1:      mainiacjoe_arrival_reflecting_pool, layout_rooms
D:2:      minmay_diamond_boxcup, layout_loops_cross
D:3:      lemuel_castle_with_subvaults [lemuel_castle_interior_carwin_1],
          layout_loops_ring, uniq_natasha, uniq_grinder, uniq_sigmund
D:4:      layout_gridville, old_standard_altar, bh_chokoban, minmay_cut_off
D:5:      layout_loops_cross, minmay_temple_entry_waves, serial_shops,
          kennysheep_mini_moat, first_ration, uniq_menkaure, uniq_pikel,
          uniq_ijyb
D:6:      layout_loops_cross, ashenzari_conservatory_becter,
          overflow_temple_1_default, kennysheep_vampire_church, basic_altar,
          gup_sewer_entry_pipe, uniq_eustachio
D:7:      layout_loops_ring, okawaru_ov_weapons_minmay,
          nicolae_qazlal_style_of_elements, ebering_ghost_reflecting_pool,
          minmay_the_grid_2x2 [minmay_the_grid_box_x,
          minmay_the_grid_aliased_spiral, minmay_the_grid_outer_diamond,
          minmay_the_grid_prize_four_corners_diamond_a], uniq_prince_ribbit1
Temple:   eino_temple_rhombus

Skill      XL: |  1  2  3  4  5  6  7  8  9 10 |
---------------+-------------------------------+-----
Dodging        | 3 4 6 7 8 |  8.5
Conjurations   | 2 3 4 5 6 7 |  7.5
Spellcasting   | 4 5 6 8 9 |  9.4
Fire Magic     | 4 5 6 7 8 |  8.2
Shields        | 2 3 |  3.8
Earth Magic    | 1 2 |  2.3
Stealth        | |  2.4

Action                   |  1- 3 |  4- 6 |  7- 9 | 10-12 || total
-------------------------+-------+-------+-------+-------++-------
Melee: Unarmed           |     1 |       |       |       ||     1
       Morningstar       |       |     1 |     5 |       ||     6
       Spear             |       |       |     4 |     6 ||    10
 Cast: Flame Tongue      |    53 |    90 |   426 |    50 ||   619
       Conjure Flame     |       |     1 |     2 |     1 ||     4
       Throw Flame       |       |       |     3 |     1 ||     4
  Use: Scroll            |       |       |    16 |       ||    16
  Eat: Chunk             |     2 |     6 |    19 |     2 ||    29
Armor: Robe              |     2 |    11 |    17 |     1 ||    31
       Skin              |       |       |     6 |       ||     6
Dodge: Dodged            |    10 |    33 |   120 |    12 ||   175
Block: Buckler           |       |       |    30 |     3 ||    33

Table legend:
 A = Non-vault XP
 B = Vault XP
 C = Vault XP percentage of total XP
 D = Non-vault monster count
 E = Vault monster count
 F = Vault count percentage of total count
                 A         B        C        D         E       F
            +---------+---------+-------+---------+---------+-------
      Total |    3226 |    2893 |  47.3 |     111 |      93 |  45.6
            +---------+---------+-------+---------+---------+-------
        D:1 |      23 |       0 |   0.0 |      12 |       0 |   0.0
        D:2 |      21 |      36 |  63.2 |      10 |       8 |  44.4
        D:3 |     204 |     980 |  82.8 |      11 |      56 |  83.6
        D:4 |     453 |       0 |   0.0 |      16 |       0 |   0.0
        D:5 |    1092 |     846 |  43.7 |      27 |       3 |  10.0
        D:6 |     680 |     220 |  24.4 |      20 |      17 |  45.9
        D:7 |     753 |     811 |  51.9 |      15 |       9 |  37.5
            +---------+---------+-------+---------+---------+-------
